 Dungeon Sprint DCSS version 0.27-a0-1301-g128193abf8 (webtiles) character file.

Game seed: 15405609846924044015

25381 mhtbhm the Shatterer (level 12, -10/136 HPs)
             Began as a Minotaur Berserker on June 17, 2021.
             Was the Champion of Trog.
             Killed from afar by an ice dragon (17 damage)
             ... with a blast of cold
             ... in the Dungeon (Sprint IX: "|||||||||||||||||||||||||||||").
             The game lasted 00:04:02 (2110 turns).

mhtbhm the Shatterer (Minotaur Berserker)           Turns: 2110, Time: 00:04:02

Health: -10/136    AC: 29    Str: 27    XL:     12   Next: 89%
Magic:  11/11      EV: 14    Int:  4    God:    Trog [******]
Gold:   110        SH:  0    Dex: 19    Spells: 11/11 levels left

rFire    . . .     SeeInvis .   a - +6 great mace (flame)
rCold    . . .     Faith    .   (shield currently unavailable)
rNeg     . . .     Spirit   .   b - +3 plate armour of the Eternal Void {-Cast rCorr Dex+9 Stlth-}
rPois    .         Reflect  .   (helmet restricted)
rElec    .         Harm     .   l - +0 cloak
rCorr    +         Rampage  .   k - +0 pair of gloves
Will     .....     NoTele   +   t - +0 pair of boots Stlth ..........NoCast +
                                (no amulet)
HPRegen  0.32/turn              m - +2 ring of protection
MPRegen  0.12/turn              n - +2 ring of protection

@: on berserk cooldown, slowed, very slow
A: horns 2, retaliatory headbutt
a: Renounce Religion, Berserk, Trog's Hand, Brothers in Arms


You were in the Dungeon.
You worshipped Trog.
Trog was exalted by your worship.
You visited 1 branch You collected 1926 gold pieces.
You spent 1816 gold pieces at shops.

Inventory:

Hand Weapons
 a - a +6 great mace of flaming (weapon)
 v - a +4 morningstar of flaming
Missiles
 o - a curare-tipped dart (quivered)
Armour
 b - the +3 plate armour of the Eternal Void (worn) {-Cast rCorr Dex+9 Stlth-}
   (You found it in the Dungeon)

   It affects your dexterity (+9).
   It prevents spellcasting.
   It protects you from acid and corrosion.
   It makes you less stealthy.
 k - a +0 pair of gloves (worn)
 l - a +0 cloak (worn)
 t - a +0 pair of boots (worn)
Jewellery
 m - a +2 ring of protection (left hand)
 n - a +2 ring of protection (right hand)
 D - a ring of fire
 E - a ring of ice
 F - a ring of willpower
 G - a ring of resist corrosion
Wands
 j - a wand of iceblast (10)
Scrolls
 h - 4 scrolls of blinking
 p - 7 scrolls of identify
 q - a scroll of fog
 r - 5 scrolls of enchant armour
 s - 2 scrolls of enchant weapon
 w - a scroll of brand weapon
 x - a scroll of magic mapping
 y - 4 scrolls of fear
 z - a scroll of summoning
Potions
 c - 9 potions of curing
 d - 7 potions of heal wounds
 e - 5 potions of haste
 f - 4 potions of magic
 g - 2 potions of berserk rage
 i - 3 potions of invisibility
 u - a potion of degeneration {unknown}
 A - 5 potions of mutation
 B - a potion of cancellation
 C - 2 potions of might


   Skills:
 + Level 21.3 Fighting
 + Level 24.1 Maces & Flails
 + Level 16.1 Armour
 + Level 10.5 Dodging
 + Level 2.3 Stealth


You had 11 spell levels left.
You didn't know any spells.
Your spell library was empty.

Dungeon Overview and Level Annotations

Branches:
Dungeon (1/1)

Altars:
Cheibriados
Dithmenos
Elyvilon
Fedhas
Gozag
Hepliaklqana
Kikubaaqudgha
Makhleb
Nemelex Xobeh
Okawaru
Qazlal
Ru
Sif Muna
Trog
Uskayaw
Vehumet
Wu Jian
Xom
Yredelemnul
Zin
The Shining One
Beogh
Jiyva
Lugonu

Shops:
D ?*(!


Innate Abilities, Weirdness & Mutations

You have a pair of horns on your head.
You reflexively headbutt those who attack you in melee.


Message History

The white very ugly thing headbutts you!
The white very ugly thing freezes you!!!
You beat the white very ugly thing like a drum!!!
You burn the white very ugly thing!
You kill the white very ugly thing!
Trog accepts your kill.
Your Maces & Flails skill increases to level 24!
Your Armour skill increases to level 16!
You are no longer berserk.
You are exhausted.
You feel yourself slow down.
The white ugly thing bites you but does no damage.
You see here a very ugly thing corpse.
You completely miss the white ugly thing.
You headbutt the white ugly thing.
The white ugly thing is lightly wounded.
The white ugly thing bites you! The white ugly thing freezes you!!
You are too injured to fight recklessly!
You are too injured to fight recklessly!
You are too injured to fight recklessly!
You are too injured to fight recklessly!
You are too injured to fight recklessly!
You are too injured to fight recklessly!
You are too injured to fight recklessly!
You are too injured to fight recklessly!
You are too injured to fight recklessly!
You are too injured to fight recklessly!
You are too injured to fight recklessly!
You are too injured to fight recklessly!
You are too injured to fight recklessly!
Unknown command.
Your stone giant goes berserk!
The white ugly thing bites you!
* * * LOW HITPOINT WARNING * * *
The white ugly thing freezes you!!
* * * LOW HITPOINT WARNING * * *
The ice dragon breathes frost at you.
The blast of cold hits the white ugly thing!!
The white ugly thing resists.
The blast of cold hits you!
You die...

▓.▓.▓†▓.▓)▓.▓(▓
▓?▓.▓†▓.▓)▓.▓)▓
▓)▓.▓†▓.▓)▓.▓.▓
▓.▓.▓†▓.▓)▓.▓)▓
▓.▓.▓.▓.▓∩▓.▓)▓
▓[▓.▓.▓.▓.▓.▓)▓
▓.▓.▓.▓.▓∩▓.▓C▓
▓.▓.▓.▓.▓.▓.▓[▓
▓.▓.▓.▓.▓∩▓.▓@▓
▓'▓.▓.▓.▓)▓.▓u▓
▓)▓.▓[▓.▓∩▓.▓D▓
▓)▓.▓)▓.▓.▓.▓.▓
▓)▓.▓'▓.▓.▓.▓.▓
▓.▓.▓.▓.▓.▓.▓.▓
▓.▓.▓.▓.▓.▓.▓.▓
▓.▓.▓[▓.▓.▓.▓.▓
▓)▓.▓[▓.▓'▓.▓


You could see an ice dragon (catching breath), a white ugly thing (ally target)
and a friendly stone giant (summoned, berserk).

Vanquished Creatures
  A stone giant (D)
  A very ugly thing (D)
  An ettin (D)
  4 ogre magi (D)
  4 hydras (D)
  2 centaur warriors (D)
  A deep troll shaman (D)
  6 two-headed ogres (D)
  A glowing orange brain (D)
  2 lindwurms (D)
  3 orc knights (D)
  An orc sorcerer (D)
  A manticore (D)
  A cyclops (D)
  2 ugly things (D)
  A torpor snail (D)
  2 elephants (D)
  An unseen horror (D)
  A cane toad (D)
  Psyche (D)
  An efreet (D)
  A tengu conjurer (D)
  A tyrant leech (D)
  A troll (D)
  A hornet (D)
  A slime creature (D)
  A dream sheep (D)
  A wyvern (D)
  5 yaks (D)
  Grum (D)
  A vampire mosquito (D)
  A water moccasin (D)
  6 orc warriors (D)
  5 wolves (D)
  4 ogres (D)
  2 centaurs (D)
  A kobold brigand (D)
  2 bullfrogs (D)
  3 hounds (D)
  An orc priest (D)
  4 orc wizards (D)
  A hell rat (D)
  A white imp (D)
  An adder zombie (D)
  5 worms (D)
  6 orcs (D)
  A bat (D)
  An endoplasm (D)
  A kobold (D)
  A goblin (D)
  A rat (D)
100 creatures vanquished.

Vanquished Creatures (collateral kills)
  An orc knight (D)
  3 orc warriors (D)
  An orc priest (D)
5 creatures vanquished.

Grand Total: 105 creatures vanquished

Notes
Turn   | Place    | Note
-------+----------+-------------------------------------------
     0 | D        | mhtbhm the Minotaur Berserker began the quest for the Orb.
     0 | D        | Reached XP level 1. HP: 19/19 MP: 0/0
     5 | D        | Reached skill level 4 in Maces & Flails
     6 | D        | Reached ** piety under Trog
    30 | D        | Noticed a hound
    30 | D        | Noticed a hound
    30 | D        | Noticed a hound
    32 | D        | Killed a hound
    33 | D        | Reached skill level 5 in Fighting
    33 | D        | Reached skill level 6 in Maces & Flails
    33 | D        | Reached XP level 2. HP: 30/30 MP: 1/1
    33 | D        | Reached XP level 3. HP: 37/37 MP: 2/2
    34 | D        | Reached *** piety under Trog
    41 | D        | Reached skill level 7 in Maces & Flails
    41 | D        | Reached XP level 4. HP: 47/47 MP: 3/3
    45 | D        | Reached **** piety under Trog
    51 | D        | Found a snail-covered altar of Cheibriados.
    51 | D        | Found a shadowy altar of Dithmenos.
    51 | D        | Found a white marble altar of Elyvilon.
    51 | D        | Found a blossoming altar of Fedhas.
    51 | D        | Found an opulent altar of Gozag.
    52 | D        | Found a hazy altar of Hepliaklqana.
    53 | D        | Found a viscous altar of Jiyva.
    54 | D        | Found an ancient bone altar of Kikubaaqudgha.
    55 | D        | Found a corrupted altar of Lugonu.
    56 | D        | Found a burning altar of Makhleb.
    57 | D        | Found a sparkling altar of Nemelex Xobeh.
    58 | D        | Found an iron altar of Okawaru.
    59 | D        | Found a stormy altar of Qazlal.
    60 | D        | Found a sacrificial altar of Ru.
    61 | D        | Found a shimmering blue altar of Sif Muna.
    62 | D        | Found a bloodstained altar of Trog.
    63 | D        | Found a hide-covered altar of Uskayaw.
    64 | D        | Found a radiant altar of Vehumet.
    65 | D        | Found an ornate altar of the Wu Jian Council.
    66 | D        | Found a shimmering altar of Xom.
    67 | D        | Found a basalt altar of Yredelemnul.
    68 | D        | Found a glowing silver altar of Zin.
    69 | D        | Found a glowing golden altar of the Shining One.
   140 | D        | Noticed a centaur
   140 | D        | Noticed a yak
   140 | D        | Noticed an orc warrior
   140 | D        | Noticed a yak
   140 | D        | Noticed a kobold brigand
   140 | D        | Noticed a hornet
   144 | D        | Killed a centaur
   145 | D        | Reached skill level 9 in Maces & Flails
   145 | D        | Reached XP level 5. HP: 56/56 MP: 4/4
   148 | D        | Killed a yak
   149 | D        | Reached skill level 10 in Fighting
   149 | D        | Reached skill level 11 in Maces & Flails
   149 | D        | Reached skill level 5 in Armour
   149 | D        | Reached skill level 5 in Dodging
   149 | D        | Reached XP level 6. HP: 67/67 MP: 5/5
   152 | D        | Killed an orc warrior
   154 | D        | Killed a yak
   155 | D        | Reached skill level 12 in Maces & Flails
   155 | D        | Reached XP level 7. HP: 74/74 MP: 6/6
   161 | D        | Killed a hornet
   161 | D        | Reached ***** piety under Trog
   162 | D        | Reached skill level 13 in Maces & Flails
   202 | D        | Noticed a two-headed ogre
   202 | D        | Noticed a troll
   202 | D        | Noticed a vampire mosquito
   206 | D        | Killed an unseen horror
   207 | D        | Reached skill level 14 in Maces & Flails
   207 | D        | Reached XP level 8. HP: 85/85 MP: 7/7
   210 | D        | Killed a two-headed ogre
   211 | D        | Reached skill level 15 in Maces & Flails
   212 | D        | Received a gift from Trog
   219 | D        | Killed a troll
   220 | D        | Reached XP level 9. HP: 78/95 MP: 8/8
   487 | D        | Noticed a five-headed hydra
   493 | D        | Received a gift from Trog
   494 | D        | Reached skill level 16 in Maces & Flails
   497 | D        | Reached skill level 15 in Fighting
   497 | D        | Noticed an eight-headed hydra
   499 | D        | Killed a five-headed hydra
   504 | D        | Reached skill level 10 in Armour
   506 | D        | Reached skill level 17 in Maces & Flails
   507 | D        | Killed an eight-headed hydra
   507 | D        | Received a gift from Trog
   508 | D        | Reached XP level 10. HP: 58/107 MP: 9/9
   687 | D        | Noticed a cane toad
   687 | D        | Noticed a torpor snail
   687 | D        | Noticed a six-headed hydra
   687 | D        | Noticed an elephant
   688 | D        | Killed a cane toad
   689 | D        | Reached skill level 1 in Stealth
   692 | D        | Killed a torpor snail
   694 | D        | Killed a six-headed hydra
   695 | D        | Reached skill level 18 in Maces & Flails
   695 | D        | Noticed an elephant
   697 | D        | Killed an elephant
   697 | D        | Noticed an eight-headed hydra
   704 | D        | Killed an elephant
   704 | D        | Reached ****** piety under Trog
   707 | D        | Killed an eight-headed hydra
   708 | D        | Reached skill level 19 in Maces & Flails
   767 | D        | Noticed a lindwurm
   769 | D        | Received a gift from Trog
   772 | D        | Noticed a lindwurm
   777 | D        | Killed a lindwurm
   778 | D        | Reached XP level 11. HP: 117/117 MP: 10/10
   784 | D        | Killed a lindwurm
   891 | D        | Got the +3 plate armour of the Eternal Void {-Cast rCorr
                  | Dex+9 Stlth-}
   974 | D        | Noticed Psyche
   983 | D        | Killed Psyche
   983 | D        | Received a gift from Trog
  1087 | D        | Noticed an ettin
  1092 | D        | Noticed an orc knight
  1097 | D        | Killed an ettin
  1098 | D        | Reached skill level 20 in Maces & Flails
  1099 | D        | Noticed an orc knight
  1106 | D        | Killed an orc knight
  1106 | D        | Received a gift from Trog
  1113 | D        | Killed an orc knight
  1157 | D        | Noticed an orc sorcerer
  1161 | D        | Noticed an orc knight
  1166 | D        | Killed an orc sorcerer
  1167 | D        | Noticed an orc knight
  1185 | D        | Killed an orc knight
  1186 | D        | Reached skill level 21 in Maces & Flails
  1187 | D        | Received a gift from Trog
  1188 | D        | Reached skill level 10 in Dodging
  1190 | D        | Killed an orc knight
  1582 | D        | Found Nucs's Magic Scroll Emporium.
  1582 | D        | Noticed an ogre mage
  1582 | D        | Noticed a two-headed ogre
  1582 | D        | Noticed a two-headed ogre
  1582 | D        | Noticed a two-headed ogre
  1582 | D        | Noticed an ogre mage
  1584 | D        | Killed an ogre mage
  1584 | D        | Received a gift from Trog
  1585 | D        | Noticed a two-headed ogre
  1587 | D        | Killed a two-headed ogre
  1590 | D        | Killed a two-headed ogre
  1591 | D        | Found Boizeli's General Store.
  1591 | D        | Noticed an ogre mage
  1593 | D        | Killed a two-headed ogre
  1593 | D        | Noticed an ogre mage
  1594 | D        | Reached skill level 22 in Maces & Flails
  1597 | D        | Killed an ogre mage
  1598 | D        | Reached XP level 12. HP: 130/130 MP: 11/11
  1600 | D        | Killed a two-headed ogre
  1601 | D        | Found Litiafom's Antique Weapon Emporium.
  1603 | D        | Killed an ogre mage
  1603 | D        | Received a gift from Trog
  1606 | D        | Killed an ogre mage
  1609 | D        | Found Mesa's Distillery.
  1759 | D        | Noticed a two-headed ogre
  1768 | D        | Killed a two-headed ogre
  1832 | D        | Bought a potion of curing for 42 gold pieces
  1832 | D        | Bought a scroll of brand weapon for 280 gold pieces
  1832 | D        | Bought a scroll of magic mapping for 49 gold pieces
  1834 | D        | Bought a scroll of fear for 38 gold pieces
  1834 | D        | Bought a scroll of enchant armour for 82 gold pieces
  1834 | D        | Bought 2 scrolls of fear for 77 gold pieces
  1834 | D        | Bought a scroll of summoning for 104 gold pieces
  1840 | D        | Bought a potion of mutation for 112 gold pieces
  1840 | D        | Bought a potion of heal wounds for 70 gold pieces
  1840 | D        | Bought a potion of haste for 140 gold pieces
  1840 | D        | Bought a potion of cancellation for 112 gold pieces
  1840 | D        | Bought a potion of invisibility for 112 gold pieces
  1840 | D        | Bought a potion of curing for 42 gold pieces
  1840 | D        | Bought a potion of might for 56 gold pieces
  1840 | D        | Bought a potion of mutation for 112 gold pieces
  1840 | D        | Bought a potion of haste for 140 gold pieces
  1840 | D        | Bought a potion of invisibility for 112 gold pieces
  1840 | D        | Bought a potion of heal wounds for 70 gold pieces
  1846 | D        | Bought a scroll of identify for 22 gold pieces
  1846 | D        | Bought a scroll of identify for 22 gold pieces
  1846 | D        | Bought a scroll of identify for 22 gold pieces
  1921 | D        | Noticed Grum
  1927 | D        | Received a gift from Trog
  1932 | D        | Killed Grum
  1933 | D        | Reached skill level 23 in Maces & Flails
  2068 | D        | Noticed a centaur warrior
  2068 | D        | Noticed a centaur warrior
  2078 | D        | Reached skill level 15 in Armour
  2080 | D        | Noticed a stone giant
  2083 | D        | Killed a centaur warrior
  2086 | D        | Killed a centaur warrior
  2088 | D        | Noticed a deep troll shaman
  2094 | D        | Noticed a white very ugly thing
  2095 | D        | Killed a stone giant
  2095 | D        | Received a gift from Trog
  2102 | D        | Killed a deep troll shaman
  2102 | D        | Noticed an ice dragon
  2107 | D        | Killed a white very ugly thing
  2108 | D        | Reached skill level 24 in Maces & Flails
  2110 | D        | Killed from afar by an ice dragon

Illustrated notes

Levels and vault maps discovered:
D:        linesprint [early_d, line_temple, items_1, d_10, items_2, lair_1,
          lair_end, items_3, orc_1, orc_end, items_4, d_15, swamp_1, shoals_1,
          snake_1, spider_1, d_20, vaults_1, items_5, swamp_end, shoals_end,
          snake_end, spider_end, vaults_end, d_27, items_6, zot_1, zot_end,
          crypt_end, forest_end, elf_end, slime_end, tomb_end, abyss_end,
          pan_hell_end]

Skill      XL: |  1  2  3  4  5  6  7  8  9 10 11 12 |
---------------+-------------------------------------+-----
Fighting       | 5 7 8 10 11 12 14 16 17 19 21 | 21.3
Maces & Flails | 6 7 9 11 12 14 15 17 19 22 24 | 24.1
Armour         | 3 4 5 6 8 10 12 14 16 | 16.1
Dodging        | 3 4 5 6 7 8 9 10 | 10.5
Stealth        | 1 2 |  2.3

Action                   |  1- 3 |  4- 6 |  7- 9 | 10-12 || total
-------------------------+-------+-------+-------+-------++-------
Melee: Mace              |    14 |     4 |       |       ||    18
       Headbutt          |     2 |     3 |     7 |    48 ||    60
       Dire flail        |       |    11 |    23 |       ||    34
       Great mace        |       |       |    17 |   158 ||   175
Invok: Berserk           |     1 |     1 |     2 |     9 ||    13
       Brothers in Arms  |       |       |       |     2 ||     2
Armor: Animal skin       |     1 |       |       |       ||     1
       Scale mail        |       |     8 |    20 |    10 ||    38
       Plate armour      |       |       |       |    37 ||    37
Dodge: Dodged            |     6 |     6 |    14 |    47 ||    73

Table legend: (Time is in decaauts)
 A = Elapsed time spent in this place.
 B = Non-inter-level travel time spent in this place.
 C = Inter-level travel time spent in this place.
 D = Time resting spent in this place.
 E = Time spent auto-exploring this place.
 F = Levels seen in this place.
 G = Mean time per level.
                   A        B        C        D        E       F      G
               +--------+--------+--------+--------+--------+-----+--------+
         Total |   2116 |   2116 |      0 |   1029 |    443 |   1 | 2116.0 |
       Dungeon |   2116 |   2116 |      0 |   1029 |    443 |   1 | 2116.0 |
               +--------+--------+--------+--------+--------+-----+--------+

Top non-repeatable levels by time:
       D: 2116 daAuts
